Map: Port Aleksander LE

Players

Lambo - Winner!

  • Race: Zerg Zerg
  • League: Grandmaster
  • Spawn Location: 5:00

Player

  • Race: Protoss Protoss
  • League: Grandmaster
  • Spawn Location: 11:00

VOD

Have the link to the VOD?

Description

Time

  • Played on: Jan. 10, 2019, 9:55 a.m.
  • Length: 20:31
Show
View Real Time Build Order
Export as new Build Order

Lambo Zerg - Winner!

Build Orders: Hatch First, Roach Hydra, Swarm Host 

Get SALT Encoding   

  12  0:00  Drone  
  13  0:12  Overlord  
  13  0:17  Drone  
  14  0:31  Drone x2  
  16  0:49  Hatchery  
  15  0:52  Drone  
  15  0:56  Drone  
  17  0:59  Drone  
  18  1:10  Extractor  
  17  1:15  Spawning Pool  
  17  1:18  Drone  
  17  1:22  Drone  
  18  1:28  Drone  
  19  1:39  Drone  
  20  1:53  Overlord  
  20  2:01  Queen x2  
  20  2:02  Zergling x2  
  20  2:03  Zergling x2  
  26  2:10  Drone  
  26  2:11  Drone  
  28  2:17  Metabolic Boost  
  28  2:21  Drone  
  29  2:23  Drone  
  30  2:39  Hatchery  
  30  2:44  Drone x2  
  30  2:46  Drone  
  30  2:50  Overlord  
  32  2:56  Drone  
  33  2:59  Drone  
  34  3:07  Queen  
  34  3:11  Drone  
  34  3:12  Drone  
  38  3:15  Overlord, Drone  
  38  3:16  Drone  
  38  3:17  Drone  
  41  3:21  Overlord  
  41  3:25  Drone  
  41  3:27  Drone  
  41  3:34  Spore Crawler, Drone  
  41  3:38  Drone x2  
  44  3:42  Drone  
  44  3:45  Spore Crawler x2  
  44  3:46  Drone x2  
  45  3:48  Drone  
  45  3:49  Drone  
  45  3:54  Queen  
  49  3:58  Drone  
  49  3:59  Drone x2  
  52  4:03  Drone  
  52  4:05  Drone  
  52  4:09  Drone  
  55  4:13  Spore Crawler  
  55  4:14  Drone  
  55  4:17  Drone x3  
  55  4:20  Queen  
  55  4:21  Overlord  
  55  4:22  Drone x2  
  63  4:25  Extractor  
  63  4:26  Overlord, Extractor  
  61  4:32  Overlord  
  61  4:37  Roach Warren  
  61  4:38  Overlord  
  60  4:40  Drone  
  60  4:42  Lair  
  61  4:46  Drone x2  
  61  4:48  Drone x2  
  61  4:49  Drone  
  61  4:50  Overlord  
  61  4:52  Drone  
  67  4:55  Zergling x6  
  70  5:00  Evolution Chamber  
  70  5:01  Drone  
  70  5:02  Zergling x4  
  72  5:08  Drone x2  
  72  5:11  Drone x5  
  79  5:18  Queen, Extractor  
  79  5:19  Overlord, Extractor  
  79  5:29  Drone x3  
  79  5:32  Zerg Missile Weapons Level 1  
  79  5:33  Overlord x2  
  84  5:42  Roach x8  
  98  5:49  Roach x3  
  104  5:53  Queen  
  104  5:57  Glial Reconstitution  
  106  5:58  Spore Crawler  
  106  5:59  Spore Crawler, Drone  
  106  6:00  Drone  
  106  6:01  Drone  
  106  6:04  Drone x2  
  109  6:07  Queen  
  109  6:08  Drone  
  109  6:10  Drone x2  
  114  6:14  Drone x3  
  114  6:16  Drone x2  
  119  6:21  Overlord  
  119  6:22  Drone x2  
  121  6:26  Drone  
  122  6:34  Baneling Nest  
  120  6:42  Hydralisk Den  
  120  6:45  Hatchery  
  115  6:47  Extractor  
  115  6:48  Drone x3  
  116  6:57  Infestation Pit  
  115  7:01  Overlord  
  115  7:08  Overlord x3  
  114  7:20  Hydralisk x11  
  114  7:22  Grooved Spines  
  136  7:32  Overlord, Zerg Missile Weapons Level 2  
  136  7:33  Centrifical Hooks  
  136  7:37  Hydralisk x4  
  136  7:43  Overlord  
  144  7:46  Overlord, Extractor  
  143  7:54  Drone x6  
  143  8:08  Spore Crawler  
  142  8:14  Swarm Host x10  
  142  8:17  Swarm Host  
  175  8:25  Swarm Host x2  
  181  8:28  Zergling x16  
  181  8:33  Muscular Augments  
  189  8:34  Zergling x6  
  192  8:43  Overlord  
  192  8:45  Overlord  
  192  8:46  Overlord  
  191  8:48  Hive  
  191  8:50  Spire  
  191  8:51  Extractor  
  191  8:54  Overlord, Baneling x7  
  189  9:08  Zergling x26  
  199  9:12  Baneling x8  
  198  9:17  Zergling x2  
  199  9:27  Overlord  
  198  9:32  Zergling x2  
  198  9:37  Overlord  
  194  9:45  Hydralisk x9, Zergling x2  
  180  9:46  Zergling x6  
  180  9:48  Hydralisk x2  
  193  9:55  Zerg Melee Weapons Level 1  
  193  9:56  Drone x3  
  193  9:58  Evolution Chamber  
  186  10:07  Greater Spire  
  176  10:19  Hydralisk x3, Baneling x9  
  176  10:20  Zergling x4  
  183  10:23  Zergling x4  
  185  10:30  Hydralisk x4, Zergling x2  
  176  10:36  Zergling x14  
  176  10:42  Hydralisk  
  178  10:43  Zergling x8  
  178  10:45  Baneling x2  
  182  10:51  Baneling x8  
  180  11:01  Hatchery  
  179  11:06  Drone x3  
  179  11:07  Drone  
  179  11:08  Pneumatized Carapace  
  183  11:18  Corruptor x5  
  168  11:25  Hatchery  
  178  11:27  Corruptor  
  178  11:31  Queen  
  178  11:32  Queen  
  182  11:35  Extractor  
  182  11:36  Extractor  
  182  11:38  Overseer  
  182  11:39  Zerg Missile Weapons Level 3  
  180  11:59  Brood Lord x4  
  171  12:04  Hydralisk x2  
  171  12:08  Zergling x12  
  177  12:21  Hydralisk  
  177  12:22  Zergling x2  
  173  12:23  Hydralisk x3  
  173  12:24  Zergling x16  
  166  12:30  Hydralisk  
  166  12:31  Zergling x6  
  163  12:39  Queen  
  163  12:47  Drone x6  
  163  12:48  Drone  
  170  12:52  Pathogen Glands  
  170  12:54  Drone x2  
  170  12:57  Drone x2  
  174  13:02  Drone  
  174  13:03  Drone x4  
  179  13:07  Zerg Flyer Weapons Level 1  
  179  13:09  Baneling x4  
  179  13:10  Overseer  
  179  13:13  Baneling x4  
  179  13:16  Hydralisk  
  179  13:19  Hydralisk x2  
  181  13:20  Zergling x2  
  181  13:21  Baneling x2  
  181  13:26  Hydralisk  
  181  13:27  Hydralisk  
  186  13:30  Baneling x6  
  186  13:33  Hydralisk  
  186  13:34  Hydralisk  
  181  13:42  Hydralisk  
  181  13:43  Hydralisk x3  
  181  13:48  Hydralisk x3  
  171  13:54  Hydralisk x2  
  171  13:55  Zergling x2  
  171  13:58  Hydralisk  
  171  13:59  Zergling x4  
  171  14:01  Hydralisk  
  167  14:06  Hydralisk x2  
  169  14:11  Overseer x2  
  163  14:17  Hydralisk  
  163  14:18  Hydralisk x2  
  159  14:30  Viper  
  160  14:32  Hydralisk x3  
  166  14:39  Hydralisk  
  166  14:40  Zergling x10  
  166  14:44  Hydralisk  
  175  14:48  Overseer  
  175  14:50  Zergling x8  
  175  14:56  Hydralisk  
  175  14:57  Zergling x4  
  175  14:58  Overseer  
  176  15:02  Overseer  
  176  15:11  Hydralisk x5  
  185  15:22  Hydralisk x3  
  185  15:27  Baneling x7  
  191  15:41  Overseer x2  
  185  15:45  Hydralisk  
  185  15:46  Zergling x12  
  185  15:49  Hydralisk  
  191  15:50  Zergling x2  
  191  15:54  Hydralisk  
  192  15:58  Overlord x3  
  192  15:59  Overseer  
  192  16:05  Baneling x9  
  192  16:12  Hatchery  
  190  16:29  Hydralisk x6  
  190  16:30  Hydralisk x2  
  198  16:34  Hydralisk x2  
  195  16:40  Hydralisk  
  195  16:44  Hydralisk x3  
  195  16:45  Zergling x2  
  177  16:48  Hydralisk  
  177  16:51  Hydralisk  
  159  16:54  Hydralisk  
  159  17:01  Hydralisk x3  
  135  17:06  Hydralisk, Overseer  
  131  17:12  Hydralisk  
  124  17:19  Hydralisk x2  
  124  17:20  Zergling x8  
  129  17:25  Hydralisk  
  129  17:26  Zergling x4  
  127  17:30  Zergling x6  
  127  17:36  Baneling x2  
  131  17:37  Zergling x6  
  131  17:42  Zergling x6  
  134  17:45  Hydralisk  
  134  17:47  Baneling  
  134  17:48  Baneling x3  
  136  17:53  Zergling x6  
  136  17:55  Baneling x3  
  139  18:04  Zergling x2  
  139  18:05  Zergling x8  
  142  18:08  Baneling x9  
  137  18:20  Hydralisk  
  137  18:21  Zergling x6  
  142  18:32  Hydralisk x4  
  140  18:38  Hatchery  
  130  18:45  Hydralisk x4  
  130  18:49  Hydralisk  
  130  18:55  Hydralisk  
  133  19:00  Hydralisk  
  135  19:06  Hydralisk, Zergling x2  
  135  19:07  Zergling x6  
  141  19:13  Zergling x6  
  144  19:20  Hydralisk, Zergling x2  
  144  19:21  Zergling x4  
  149  19:28  Baneling x5  
  149  19:33  Zergling x2  
  149  19:34  Zergling x6  
  153  19:40  Zergling x8  
  153  19:44  Zergling x2  
  151  19:54  Hydralisk x2  
  151  20:03  Hydralisk x2  
  151  20:04  Zergling x4  
  128  20:09  Zergling x4  
  128  20:12  Zergling x4  
Show
View Real Time Build Order
Export as new Build Order

Player Protoss 

Build Orders: 1 Gate Expand, Oracle Opening, Phoenix Opening, Archon Immortal 

Get SALT Encoding   

  12  0:00  Probe  
  13  0:13  Probe  
  14  0:22  Pylon  
  14  0:25  Probe  
  15  0:36  Probe  
  16  0:44  Probe  
  17  0:51  Gateway  
  17  0:54  Probe  
  17  0:56  Assimilator  
  18  1:06  Probe  
  19  1:18  Probe  
  20  1:30  Nexus  
  20  1:40  Cybernetics Core  
  20  1:45  Assimilator  
  20  1:48  Probe  
  21  1:58  Pylon  
  21  2:00  Probe  
  22  2:07  Adept  
  22  2:08  Probe  
  23  2:16  Probe  
  26  2:24  Stargate  
  26  2:26  Probe  
  27  2:32  Warp Gate  
  27  2:33  Adept  
  27  2:38  Probe  
  27  2:41  Probe  
  31  2:50  Probe  
  32  2:53  Probe  
  33  2:59  Adept  
  33  3:02  Probe  
  33  3:05  Oracle, Probe  
  37  3:14  Probe  
  37  3:17  Probe  
  42  3:27  Probe, Gateway  
  43  3:30  Probe  
  43  3:31  Pylon  
  44  3:37  Assimilator  
  44  3:39  Probe  
  44  3:41  Phoenix  
  45  3:42  Probe  
  45  3:44  Assimilator  
  46  3:51  Probe  
  46  3:54  Probe, Pylon  
  50  4:03  Probe  
  50  4:06  Probe  
  52  4:15  Probe, Phoenix  
  53  4:20  Probe  
  56  4:26  Stargate  
  56  4:27  Probe  
  57  4:32  Probe, Pylon  
  57  4:36  Adept x2  
  62  4:45  Pylon  
  62  4:50  Probe, Phoenix  
  65  4:58  Nexus  
  65  5:05  Phoenix, Shield Battery  
  65  5:06  Probe x2  
  67  5:09  Phoenix  
  71  5:22  Probe  
  71  5:25  Phoenix  
  71  5:26  Probe  
  73  5:35  Probe  
  76  5:37  Robotics Facility  
  76  5:42  Probe  
  77  5:43  Robotics Facility  
  77  5:47  Probe  
  78  5:50  Forge  
  78  5:53  Twilight Council  
  78  6:00  Pylon  
  78  6:08  Probe  
  78  6:09  Probe, Pylon  
  80  6:12  Probe  
  80  6:16  Probe  
  80  6:17  Probe  
  81  6:20  Probe  
  81  6:22  Sentry  
  81  6:24  Immortal  
  81  6:25  Probe, Shield Battery  
  90  6:31  Probe  
  91  6:34  Charge  
  91  6:35  Protoss Ground Weapons Level 1  
  91  6:37  Assimilator  
  91  6:38  Assimilator  
  92  6:40  Immortal  
  92  6:43  Probe x2  
  98  6:50  Immortal, Pylon  
  98  6:52  Probe  
  99  6:54  Templar Archives  
  99  7:01  Gateway  
  99  7:04  Gateway  
  103  7:14  Probe  
  104  7:17  Gateway  
  104  7:20  Immortal  
  104  7:21  Gateway  
  108  7:27  Psionic Storm, Observer, Gateway  
  108  7:30  Gateway, Probe  
  108  7:37  Gateway  
  110  7:38  High Templar  
  110  7:39  High Templar  
  110  7:42  Pylon  
  114  7:49  Gateway  
  114  7:54  Pylon  
  114  8:03  High Templar x2  
  119  8:05  Probe  
  119  8:09  Warp Prism  
  119  8:11  Zealot  
  123  8:13  Pylon  
  123  8:17  Pylon  
  123  8:18  Nexus  
  123  8:19  Pylon  
  123  8:22  High Templar, Pylon  
  123  8:23  Immortal  
  129  8:30  Probe x2  
  131  8:35  Fleet Beacon  
  131  8:37  Probe  
  132  8:46  Probe  
  133  8:50  Photon Cannon  
  133  8:52  Photon Cannon  
  133  8:55  Pylon  
  133  9:00  High Templar  
  133  9:01  High Templar  
  137  9:05  Archon  
  137  9:08  Zealot x6  
  145  9:18  Assimilator  
  145  9:21  Assimilator  
  145  9:23  Shield Battery x2  
  143  9:26  Zealot  
  140  9:37  High Templar x4  
  141  9:41  Zealot  
  141  9:43  Probe, Archon  
  140  9:46  Archon  
  140  9:47  Archon  
  140  9:48  Archon  
  140  9:49  High Templar  
  140  9:50  High Templar x2  
  142  9:55  Probe  
  142  9:56  Zealot  
  142  9:58  Immortal  
  147  10:03  Zealot  
  145  10:12  Zealot x4  
  161  10:21  Mothership  
  161  10:22  Probe  
  161  10:23  Probe x2  
  135  10:38  Zealot x5  
  135  10:42  Immortal  
  151  10:46  Probe, High Templar x4  
  151  10:49  Probe  
  161  11:00  Photon Cannon  
  161  11:02  Photon Cannon  
  161  11:03  Nexus  
  161  11:05  Shield Battery  
  156  11:28  Carrier  
  156  11:30  Zealot x2  
  156  11:31  Zealot x6  
  172  11:46  Cybernetics Core  
  172  11:52  Pylon  
  170  12:03  Zealot  
  170  12:04  Carrier  
  170  12:09  Pylon x2  
  160  12:22  Zealot x8  
  163  12:31  Archon  
  156  12:38  Nexus  
  156  12:40  High Templar  
  156  12:43  High Templar x4  
  156  12:44  High Templar x4  
  160  13:01  Pylon  
  160  13:05  Pylon  
  160  13:15  Zealot  
  160  13:16  Zealot  
  160  13:17  Zealot x5  
  172  13:27  High Templar x2  
  147  13:48  Zealot x5  
  127  13:58  Zealot  
  129  14:03  High Templar x3  
  135  14:10  High Templar  
  135  14:13  Zealot x3  
  125  14:36  Zealot x7  
  127  15:05  Zealot x3  
  127  15:06  Zealot x2  
  137  15:13  Immortal  
  137  15:18  Observer  
  137  15:21  Zealot x4  
  142  15:26  High Templar  
  144  15:28  High Templar  
  144  15:29  Zealot x3  
  144  15:32  Archon  
  152  15:40  Observer  
  137  15:50  Zealot x5  
  137  15:56  High Templar  
  139  16:12  Zealot  
  139  16:15  Nexus  
  141  16:31  Zealot x2  
  143  16:35  Zealot x2  
  123  16:46  Archon  
  109  16:47  Archon  
  109  16:48  Zealot x5  
  115  17:03  Zealot x4  
  122  17:09  High Templar x3  
  114  17:27  Zealot x4  
  109  17:36  High Templar x2  
  113  17:41  Archon, High Templar  
  113  17:49  High Templar x2  
  115  17:52  Zealot x4  
  115  17:54  Archon  
  117  18:22  Zealot x7  
  131  18:33  Archon  
  129  18:40  High Templar  
  129  18:41  High Templar  
  125  18:44  High Templar x3  
  129  18:48  Immortal  
  129  18:52  Zealot x3  
  127  19:05  Probe  
  127  19:06  Probe  
  127  19:10  High Templar  
  127  19:13  High Templar  
  131  19:17  Probe  
  131  19:18  Probe, Archon  
  133  19:24  Probe  
  133  19:25  Probe  
  133  19:26  Probe, Assimilator  
  133  19:29  High Templar  
  138  19:34  Probe  
  138  19:35  Assimilator  
  138  19:36  Pylon  
  139  19:42  Zealot  
  139  19:45  Zealot x5  
  141  19:53  Probe x3  
  139  20:02  Archon  
  139  20:05  Probe  
  139  20:06  Zealot x3  
Tags
 
Add a new tag
Caveats
  • Supply blocks, unpowered buildings, or Contaminate may cause inaccurate times.
  • Supply counts are checked every 10 seconds.